 Dungeon Crawl Stone Soup version 0.20.1-1-g8b1a95d (webtiles) character file.

11 tidbits the Insei (level 2, 0/23 HPs)
             Began as a Demigod Transmuter on Aug 19, 2017.
             Slain by an adder (2 damage)
             ... on level 2 of the Dungeon.
             The game lasted 00:05:12 (295 turns).

tidbits the Insei (Demigod Transmuter)               Turns: 295, Time: 00:05:13

Health: 0/23       AC:  2    Str: 13    XL:     2   Next: 3%
Magic:  4/7        EV: 12    Int: 17    God:
Gold:   6          SH:  0    Dex: 16    Spells: 1/4 levels left

rFire    . . .     SeeInvis .     - Unarmed
rCold    . . .     Gourm    .   (no shield)
rNeg     . . .     Faith    .   b - +0 robe
rPois    .         Spirit   .   (no helmet)
rElec    .         Reflect  .   (no cloak)
rCorr    .         Harm     .   (no gloves)
MR       .....                  (no boots)
Stlth    +.........             (no amulet)
Regen    0.1/turn               (no ring)
MPRegen  0.1/turn               (no ring)

@: very slightly contaminated, invisible
A: high mp 1
a: no special abilities


You were on level 2 of the Dungeon.
You were not hungry.

You visited 1 branch of the dungeon, and saw 2 of its levels.

You collected 6 gold pieces.

Inventory:

Missiles
 a - 11 arrows
Armour
 b - a +0 robe (worn)
Scrolls
 f - a scroll of identify {unknown}
 g - a scroll of enchant armour {unknown}
Potions
 h - a potion of curing {unknown}
 j - a potion of brilliance {unknown}
Books
 c - a book of Changes

   Spells                             Type                      Level
   a - Beastly Appendage              Transmutation                1
   b - Sticks to Snakes               Transmutation                2
   c - Spider Form                    Transmutation/Poison         3
   d - Ice Form                       Ice/Transmutation            4
   e - Blade Hands                    Transmutation                5
Comestibles
 d - 2 bread rations
 i - 2 chunks of flesh


   Skills:
 - Level 1.0 Fighting
 - Level 1.7 Dodging
 + Level 3.1 Unarmed Combat
 - Level 1.9 Spellcasting
 - Level 1.9 Transmutations


You had one spell level left.
You knew the following spells:

 Your Spells              Type           Power        Failure   Level  Hunger
e - Beastly Appendage     Tmut           #.....       9%          1    #......
k - Sticks to Snakes      Tmut           #.......     13%         2    ###....


Dungeon Overview and Level Annotations

Branches:
Dungeon (2/15)

Annotations:
D:2 Jessica


Innate Abilities, Weirdness & Mutations

You have an increased reservoir of magic. (+10% MP)


Message History

Found a stone staircase leading down.
A leopard gecko comes into view.
Found a ring mail.
Casting: Beastly Appendage
Confirm with . or Enter, or press ? or * to list all spells.
Your feet morph into talons.
The leopard gecko hisses angrily.
You hit the leopard gecko.
The leopard gecko is lightly wounded.
The leopard gecko closely misses you.
You hit the leopard gecko.
You kill the leopard gecko!
You have reached level 2!
Memorise Sticks to Snakes, consuming 2 spell levels and leaving 1?
You start memorising the spell.
You continue memorising. x2
You finish memorising.
Spell assigned to 'k'.
You see here a leopard gecko corpse.
You butcher the leopard gecko corpse.
i - 2 chunks of flesh
Found a bread ration.
Your transformation is almost over.
You now have 6 gold pieces.
You see here a ring mail.
A rat comes into view.
Casting: Beastly Appendage
Confirm with . or Enter, or press ? or * to list all spells.
You extend your transformation's duration.
You hit the rat but do no damage. The rat barely misses you.
You hit the rat. You claw the rat.
You kill the rat!
Your transformation is almost over.
d - 2 bread rations (gained 1)
Your talons disappear.
Found a fuming dark potion.
j - a fuming dark potion You see here a ring mail.
There is a stone staircase leading down here.
Casting: Beastly Appendage
Confirm with . or Enter, or press ? or * to list all spells.
Your feet morph into talons.
Your transformation is almost over.
You climb downwards.
There is a stone staircase leading up here.
There is a stone staircase leading up here.
Your talons disappear.
A bat and Jessica come into view.
Press: ? - help, . - travel You can't see that place. [the floor.] Placed new exclusion.
Really walk into a travel-excluded area?
Okay, then.
The adder hisses angrily.
Found 15 stones.
A goblin comes into view. It is wielding a club.
The goblin shouts!
Found a grey potion.
Casting: Beastly Appendage
Confirm with . or Enter, or press ? or * to list all spells.
You miscast Sticks to Snakes.
You are very lightly contaminated with residual magic.
You feel a strange surge of energy! The adder bites you.
Casting: Sticks to Snakes
Confirm with . or Enter, or press ? or * to list all spells.
You create a snake!
You now have 11 arrows.
The adder misses you.
Something barely misses your ball python.
You miss the adder. The adder barely misses you.
Something misses your ball python.
Your ball python bites the adder.
Your ball python completely misses the adder.
The adder barely misses you.
You punch the adder!
The adder is severely wounded.
Your ball python closely misses the adder.
Your ball python grabs the adder.
Your ball python constricts the adder.
The adder bites you. Something hits your ball python.
Your ball python dies!
You closely miss the adder.
The adder is almost dead.
The adder bites you.
* * * LOW HITPOINT WARNING * * *
You closely miss the adder.
The adder is almost dead.
The adder misses you.
You hit the adder but do no damage.
The adder is almost dead.
The adder bites you.
* * * LOW HITPOINT WARNING * * *
The adder bites you.
* * * LOW HITPOINT WARNING * * *
You closely miss the adder.
The adder is almost dead.
The adder bites you.
* * * LOW HITPOINT WARNING * * *
It was a potion of invisibility.
You fade into invisibility!
The adder barely misses you.
You barely miss the adder.
The adder is almost dead.
The adder bites you.
You die...

#.#####.#
#.##....#
#.##.#..# ##
#.##.#..#####...#
#.<...........#
####.######.......
#.# ....... #.##
.@..... #@.#
....... ####S####
..b.... #...g...#
....... #.##.#..#
....... #.##.#..#
#S##.# .# #.##.#
.# ..##.# . ......
##


You could see an adder and a goblin.

Vanquished Creatures
  A leopard gecko (D:1)
  A giant cockroach (D:1)
  A goblin (D:1)
  2 hobgoblins (D:1)
  A kobold (D:1)
  2 frilled lizards (D:1)
  A rat (D:1)
9 creatures vanquished.

Notes
Turn   | Place    | Note
-------+----------+-------------------------------------------
     0 | D:1      | tidbits the Demigod Transmuter began the quest for the Orb.
     0 | D:1      | Reached XP level 1. HP: 15/15 MP: 5/5
    56 | D:1      | Reached skill level 1 in Fighting
   150 | D:1      | Reached skill level 3 in Unarmed Combat
   204 | D:1      | Reached XP level 2. HP: 12/23 MP: 5/7
   208 | D:1      | Learned a level 2 spell: Sticks to Snakes
   265 | D:2      | Noticed Jessica
   293 | D:2      | HP: 2/23 [adder (3)]
   295 | D:2      | Slain by an adder

Skill      XL: |  1 |
---------------+----+-----
Fighting       | 1 |  1.0
Unarmed Combat | 3 |  3.1
Dodging        | |  1.7
Spellcasting   | |  1.9
Transmutations | |  1.9

Action                   || total
-------------------------++-------
Melee: Unarmed           ||    39
       Kick              ||     4
       Headbutt          ||     1
 Cast: Beastly Appendage ||    11
       Sticks to Snakes  ||     1
  Use: Potion            ||     1
Armor: Robe              ||     7
Dodge: Dodged            ||    27

Table legend:
 A = Turns spent in this place as a percentage of turns spent in the entire game.
 B = Non-inter-level travel turns spent in this place as a percentage of non-inter-level travel turns spent in the entire game.
 C = Inter-level travel turns spent in this place as a percentage of turns spent in this place.
 D = Turns resting spent in this place as a percentage of non-inter-level travel turns spent in this place.
 E = Turns spent auto-exploring this place as a percentage of non-inter-level travel turns spent in this place.
 F = Non-inter-level travel turns spent in this place divided by the number of levels of this place that you've seen.
                   A       B       C       D       E      F
               +-------+-------+-------+-------+-------+----------------------
         Total | 100.0 | 100.0 |   0.0 |   0.0 |   0.0 | 145.0
       Dungeon | 100.0 | 100.0 |   0.0 |   0.0 |   0.0 | 145.0
               +-------+-------+-------+-------+-------+----------------------

Table legend:
 A = Kills in this place as a percentage of kills in entire the game.
 B = Kills by you in this place as a percentage of kills by you in the entire game.
 C = Kills by friends in this place as a percentage of kills by friends in the entire game.
 D = Other kills in this place as a percentage of other kills in the entire game.
 E = Experience gained in this place as a percentage of experience gained in the entire game.
 F = Experience gained in this place divided by the number of levels of this place that you have seen.
                   A       B       C       D       E      F
               +-------+-------+-------+-------+-------+----------------------
         Total | 100.0 | 100.0 |  -nan |  -nan | 100.0 |   8.0
       Dungeon | 100.0 | 100.0 |  -nan |  -nan | 100.0 |   8.0
               +-------+-------+-------+-------+-------+----------------------

Vault maps used:
D:1:      dpeg_arrival_tiny_d
D:2:      minmay_box_of_dots, uniq_jessica, uniq_robin
